 Dungeon Crawl Stone Soup version 0.31-a0-965-g8a8ce12e04 (webtiles) character file.

Game seed: 11892626683363959922

53 mattiecakes the Trooper (level 3, -4/52 HPs)
             Began as an Armataur Berserker on Oct 27, 2023.
             Was a Follower of Trog.
             Succumbed to Sigmund's poison
             ... on level 2 of the Dungeon.
             The game lasted 00:07:35 (1557 turns).

mattiecakes the Trooper (Armataur Berserker)        Turns: 1557, Time: 00:07:36

Health: -4/52      AC:  4    Str: 24    XL:     3   Next: 64%
Magic:  3/3        EV:  9    Int:  7    God:    Trog [*.....]
Gold:   68         SH:  0    Dex:  9    Spells: 2/2 levels left

rFire   . . .        d - +1 war axe (heavy)
rCold   . . .        (no shield)
rNeg    . . .        b - +0 animal skin
rPois   .            (no helmet)
rElec   .            (no cloak)
rCorr   .            (no gloves)
SInv    .            (no barding)
Will    .....        (no amulet) Stlth
                     (no ring)
HPRegen 0.28/turn    (no ring)
MPRegen 0.08/turn

%: roll
@: confused, berserking, lethally poisoned (-4 -> -23), very quick
A: large, rugged brown scales 3, deformed body, armoured tail, roll, long
tongue, awkward tongue
a: Renounce Religion, Berserk


You were on level 2 of the Dungeon.
You worshipped Trog.
Trog was aware of your devotion.
You visited 1 branch of the dungeon, and saw 2 of its levels.

You collected 68 gold pieces.

Inventory:

Hand Weapons
 a - a +0 hand axe
 d - a +1 heavy war axe (weapon)
Armour
 b - a +0 animal skin (worn)
Scrolls
 e - a scroll of revelation {unknown}
 f - 4 scrolls of identify {unknown}
Potions
 c - 2 potions of curing


   Skills:
 - Level 3.8 Fighting
 * Level 3.0 Axes
 - Level 2.4 Armour
 - Level 1.3 Dodging


You had 2 spell levels left.
You didn't know any spells.
Your spell library was empty.

Dungeon Overview and Level Annotations

Branches:
Dungeon (2/15)

Altars:

Shops:
D:1 (

Annotations:
D:2 Sigmund


Innate Abilities, Weirdness & Mutations

You are completely covered in rugged brown scales. (AC +3, +7% HP)
Armour fits poorly on your strangely shaped body.
You have a long armoured tail.
You roll when moving toward enemies. (Rampage)
Your long tongue fully drains potion bottles. (2x potion effects)
Your tongue gives you trouble enunciating. (1.5x scroll delay)


Message History

You kill the jackal!
Trog accepts your kill. The jackal closely misses you.
The jackal bites you but does no damage.
Something hits you.
You are poisoned.
A red film seems to cover your vision as you go berserk!
You feel yourself moving faster!
You feel mighty!
You feel sick.
The jackal bites you but does no damage.
You slice the jackal!!
You kill the jackal!
Trog accepts your kill.
You feel sick. Something hits you but does no damage.
You slice the jackal!!
You kill the jackal!
Trog accepts your kill.
You feel sick.
A magic dart appears from out of thin air!
The magic dart hits you!
Your Axes skill increases to level 3!
You feel sick.
You hear some strange, mumbled words.
You are confused.
Things that are here:
a jackal corpse; a jackal corpse You miss something.
Your tail-slap misses something.
You feel sick. Something hits you.
* * * LOW HITPOINT WARNING * * *
You are lethally poisoned!
You bump into the rock wall.
* * * LOW HITPOINT WARNING * * *
You feel very sick.
You bump into the rock wall.
You feel a strong urge to attack something.
* * * LOW HITPOINT WARNING * * *
You feel sick. Something hits you.
* * * LOW HITPOINT WARNING * * *
You are more poisoned.
You slash something!
You die...

#...............##
#.......####....# ##......#
#....# #......# #....#
#......# #....##
#......####....##
#.........#.÷..##
############......##.÷....#.
#..........@##########......
#..........{# ##...>.
#...........# #.##†#
#...........###########.##.#
#.......................##.#
###########.............##.#
#........[....##.#
+............ #..
#............ #..


There were no monsters in sight!

Vanquished Creatures
  A gnoll (D:1)
  A worm (D:2)
  2 dart slugs
  2 ball pythons (D:2)
  4 endoplasms
  2 giant cockroaches
  2 goblins (D:1)
  3 hobgoblins
  4 jackals (D:2)
  A quokka (D:2)
  4 bats
  2 frilled lizards (D:1)
  3 kobolds
  2 rats
33 creatures vanquished.

Notes
Turn   | Place    | Note
-------+----------+-------------------------------------------
     0 | D:1      | mattiecakes the Armataur Berserker began the quest for the
                  | Orb.
     0 | D:1      | Reached XP level 1. HP: 19/19 MP: 1/1
    64 | D:1      | Found a faded altar of an unknown god.
    64 | D:1      | Noticed a crimson imp
   125 | D:1      | Found Zaroigum's Antique Weapon Shop.
   182 | D:1      | HP: 1/30 [gnoll/+2 whip of flaming (2)]
   186 | D:1      | Reached XP level 2. HP: 2/27 MP: 2/2
   942 | D:1      | Reached XP level 3. HP: 35/35 MP: 3/3
  1532 | D:2      | Noticed Sigmund
  1557 | D:2      | Succumbed to Sigmund's poison

Illustrated notes

Levels and vault maps discovered:
D:1:      shiori_arrival_elements, layout_basic, serial_shops,
          nicolae_shop_dealshenge, dreamdust_ecumenical_altar_sealed_demon,
          glass_columns_a, skrybe_limestone_x
D:2:      layout_basic, uniq_sigmund

Skill      XL: |  1  2  3 |
---------------+----------+-----
Fighting       | 3 |  3.8
Axes           | 3 |  3.0
Armour         | |  2.4
Dodging        | |  1.3

Action                     || total
---------------------------++-------
  Melee: Hand axe          ||    44
         War axe           ||    38
         Tailslap          ||     3
 Invoke: Berserk           ||     2
    Use: Potion            ||     3
   Stab: Sleeping          ||     1
 Armour: Animal skin       ||    77
  Dodge: Dodged            ||    49

Table legend: (Time is in decaauts)
 A = Elapsed time spent in this place.
 B = Non-inter-level travel time spent in this place.
 C = Inter-level travel time spent in this place.
 D = Time resting spent in this place.
 E = Time spent auto-exploring this place.
 F = Levels seen in this place.
 G = Mean time per level.
                   A        B        C        D        E       F      G
               +--------+--------+--------+--------+--------+-----+--------+
         Total |   1605 |   1489 |    116 |    215 |   1001 |   2 |  802.5 |
       Dungeon |   1605 |   1489 |    116 |    215 |   1001 |   2 |  802.5 |
               +--------+--------+--------+--------+--------+-----+--------+

Top non-repeatable levels by time:
     D:1: 1181 daAuts
     D:2: 423 daAuts
